[ AOE2 MATCH · #505082763 ]
UnrankedBurgundians vs Koreans
Player's team · LOSS
Rival team · WIN
[ REPLAY ANALYSIS · EXTRACTED FROM THE RECORDED GAME ]
Feudal
9:22
Castle
—
Imperial
—
| APM avg | 80.7 |
| APM peak | 112 |
| eAPM avg | 26.5 |
| Villagers / military | 22 / 4 |
Focus
⚔️ 48.3% · 🌾 51.7%
Militia ×4
Feudal
—
Castle
—
Imperial
—
| APM avg | 72.9 |
| APM peak | 123 |
| eAPM avg | 21.2 |
| Villagers / military | 23 / 4 |
Focus
⚔️ 33.8% · 🌾 66.2%
Militia ×4
Match map
Initial resources + every placement click. Lines = walls · curves = elevation contours. ◆ gold · ⬟ stone · ● berries · ✦ relic · ◌ wall gap
Your base
Fs.guischmitt's base
Smoothed initial terrain · ◌ = detected wall gap · hover for details
Inputs per minute
— Kirtap - - Fs.guischmitt
Build order — Kirtap
39 actions detected in the replay
| 0:01 | Create | Villager (Male) |
| 0:02 | Build | House |
| 0:03 | Build | House |
| 0:03 | Create | Villager (Male) |
| 0:04 | Create | Villager (Male) |
| 0:04 | Create | Villager (Male) |
| 1:37 | Create | Villager (Male) |
| 1:38 | Create | Villager (Male) |
| 2:02 | Build | Lumber Camp |
| 2:04 | Create | Villager (Male) |
| 2:37 | Create | Villager (Male) |
| 2:37 | Create | Villager (Male) |
| 2:41 | Create | Villager (Male) |
| 3:00 | Create | Villager (Male) |
| 3:48 | Create | Villager (Male) |
| 3:48 | Create | Villager (Male) |
| 3:48 | Create | Villager (Male) |
| 3:57 | Build | House |
| 3:58 | Build | House |
| 4:20 | Create | Villager (Male) |
| 4:36 | Create | Villager (Male) |
| 4:55 | Build | Barracks |
| 5:13 | Create | Villager (Male) |
| 5:13 | Create | Villager (Male) |
| 5:13 | Create | Villager (Male) |
| 5:51 | Create | Villager (Male) |
| 5:56 | Build | House |
| 6:23 | Research | Loom |
| 6:51 | Build | Mining Camp |
| 7:06 | Research | Feudal Age |
| 7:07 | Research | Feudal Age |
| 7:28 | Create | Militia |
| 7:29 | Create | Militia |
| 7:29 | Create | Militia |
| 7:37 | Build | Mill |
| 8:10 | Create | Militia |
| 8:37 | Create | Villager (Male) |
| 9:14 | Create | Villager (Male) |
| 9:22 | Age | Feudal Age |
Build order — Fs.guischmitt
34 actions detected in the replay
| 0:01 | Create | Villager (Male) ×4 |
| 0:04 | Build | House |
| 0:06 | Build | House |
| 1:25 | Create | Villager (Male) |
| 1:45 | Build | Lumber Camp |
| 1:50 | Create | Villager (Male) |
| 1:50 | Create | Villager (Male) |
| 2:19 | Create | Villager (Male) |
| 2:47 | Create | Villager (Male) |
| 3:05 | Create | Villager (Male) |
| 3:06 | Create | Villager (Male) |
| 3:25 | Create | Villager (Male) |
| 3:52 | Build | House |
| 3:57 | Create | Villager (Male) |
| 4:27 | Build | Barracks |
| 4:29 | Create | Villager (Male) |
| 4:53 | Build | House |
| 5:01 | Create | Villager (Male) |
| 5:21 | Create | Militia |
| 5:21 | Create | Militia |
| 5:25 | Create | Villager (Male) |
| 5:39 | Create | Villager (Male) |
| 5:50 | Create | Militia |
| 6:13 | Create | Villager (Male) |
| 7:03 | Create | Villager (Male) |
| 7:04 | Create | Villager (Male) |
| 7:04 | Create | Villager (Male) |
| 7:10 | Build | House |
| 7:19 | Create | Villager (Male) |
| 7:21 | Build | Mill |
| 7:38 | Create | Villager (Male) |
| 8:49 | Research | Feudal Age |
| 8:59 | Build | Mining Camp |
| 9:21 | Create | Militia |
Match timeline
| 4:27 | Fs.guischmitt · first_building Barracks |
| 4:55 | Kirtap · first_building Barracks |
| 9:22 | Kirtap · age_up feudal |
| 9:31 | Kirtap · resign |
[ AI ANALYSIS · 1 CREDIT ]
What really happened in this match?
Wolo.gg analyzes every decision: build order, eco, micro, common mistakes by bracket. Personalized analysis on WhatsApp or Discord in 30 seconds.
Civ guide
Burgundians
Perfil
Jugador #9665014